 Dungeon Crawl Stone Soup version 0.16.0-7-ge91f220 (webtiles) character file.

149 wojtek the Cutter (level 5, -5/30 HPs)
             Began as a Kobold Assassin on Mar 15, 2015.
             Killed from afar by an orc wizard (12 damage)
             ... with a puff of flame
             ... on level 4 of the Dungeon.
             The game lasted 00:04:01 (2700 turns).

wojtek the Cutter (Kobold Assassin)                 Turns: 2700, Time: 00:04:01

Health: -5/30      AC:  3    Str: 10    XL:     5   Next: 57%
Magic:  5/5        EV: 14    Int: 10    God:
Gold:   145        SH:  0    Dex: 17    Spells: 0 memorised, 4 levels left

rFire  . . .     SeeInvis .     a - +2 dagger
rCold  . . .     Clarity  .     c - +0 robe
rNeg   . . .     SustAb   .     (no shield)
rPois  .         Gourm    .     (no helmet)
rElec  .         Spirit   .     d - +0 cloak
rCorr  .         Warding  .     (no gloves)
rMut   .         Stasis   .     (no boots)
MR     .....                    (no amulet)
Stlth  +++.......               (no ring)
                                (no ring)

@: not resistant to hostile enchantments, fairly stealthy
A: carnivore 3
a: no special abilities


You were on level 4 of the Dungeon.
You were very full.

You visited 1 branch of the dungeon, and saw 4 of its levels.

You collected 145 gold pieces.

Inventory:

Hand weapons
 a - a +2 dagger (weapon)
 b - a +0 blowgun
Missiles
 e - 4 poisoned needles
 f - 2 curare-tipped needles {=f}
 v - 8 needles of confusion {=f}
Armour
 c - a +0 robe (worn)
 d - a +0 cloak (worn)
Jewellery
 i - an uncursed ring of flight {unknown}
 l - an uncursed amulet of faith {unknown}
 r - a cursed -3 ring of dexterity {unknown}
 y - an uncursed ring of fire {unknown}
Scrolls
 j - 3 scrolls of fog {unknown}
 k - 2 scrolls of amnesia {unknown}
 n - a scroll of identify {unknown}
 o - 4 scrolls of remove curse {unknown}
 p - 2 scrolls of magic mapping {unknown}
 s - a scroll of recharging {unknown}
 u - 4 scrolls of enchant armour {unknown}
 A - a scroll of immolation {unknown}
 B - a scroll of teleportation {unknown}
Potions
 h - a potion of curing {unknown}
 q - 2 potions of brilliance {unknown}
 w - a potion of resistance {unknown}
 x - a potion of heal wounds {unknown}
Comestibles
 g - 2 meat rations
 m - 2 royal jellies
 t - 2 chunks of flesh
 z - a beef jerky


   Skills:
 - Level 2.1 Fighting
 + Level 7.1 Short Blades
 - Level 2.6 Throwing
 - Level 1.2 Dodging
 - Level 5.3 Stealth


You had 4 spell levels left.
You didn't know any spells.

Dungeon Overview and Level Annotations

Branches:
Dungeon (4/15)
 Temple: D:4-7

Altars:


Innate Abilities, Weirdness & Mutations

You are small and have problems with some larger weapons.
You are carnivorous and can eat meat at any time.


Message History

The orc wizard casts a spell at you. The magic dart hits you!
* * * LOW HITPOINT WARNING * * *
Firing (i - inventory. (,) - cycle):
e - 5 poisoned needles (quivered)
Press: ? - help, Shift-Dir - straight line, f/p - orc priest
Aim: an orc priest, wielding a club and wearing a leather armour (lightly wounded, poisoned)
You shoot a poisoned needle.
The poisoned needle closely misses the orc priest.
The orc priest hits you but does no damage.
The orc wizard hits you with a dagger.
* * * LOW HITPOINT WARNING * * *
Unknown command.
Wield which item (- for none, * to show all)? (? for menu, Esc to quit)
a - a +2 dagger (weapon)
You hit the orc priest.
The orc priest is heavily wounded.
The orc priest barely misses you.
The orc wizard gestures at you while chanting.
The puff of flame hits you!
You die...

......##.#
............
########o# #.#.#####..
#.# #..>....... #o#
#.........# #.#
#....###### #.#
#.....# # #.##########
#######.# #
#()((.o)o#8###⌠###8#.#
#
########o@...........#
# #.............# #
#.............# #
###8###8###8### # ####
############# #.#
#......<.. #.#
#.######## #.#######.#
# #.........#


You could see an orc priest, an orc wizard and an orc.

Vanquished Creatures
  An orc wizard (D:4)
  4 adders (D:2)
  A worm (D:2)
  3 giant geckos
  An ooze (D:3)
  10 orcs
  2 ball pythons
  8 bats
  2 giant cockroaches
  11 hobgoblins
  4 giant newts
  6 goblins
  3 jackals (D:2)
  7 kobolds
  9 rats
72 creatures vanquished.

Notes
Turn   | Place    | Note
--------------------------------------------------------------
     0 | D:1      | wojtek, the Kobold Assassin, began the quest for the Orb.
     0 | D:1      | Reached XP level 1. HP: 12/12 MP: 1/1
   142 | D:1      | Reached XP level 2. HP: 15/17 MP: 2/2
   679 | D:2      | Reached XP level 3. HP: 21/21 MP: 3/3
   881 | D:2      | Reached skill level 5 in Short Blades
   903 | D:2      | Reached XP level 4. HP: 16/26 MP: 4/4
  1386 | D:2      | Reached skill level 6 in Short Blades
  1943 | D:3      | Reached XP level 5. HP: 30/30 MP: 5/5
  2652 | D:4      | Reached skill level 7 in Short Blades
  2700 | D:4      | Killed from afar by an orc wizard

Action                   |  1- 3 |  4- 6 || total
-------------------------+-------+-------++-------
Melee: Dagger            |    55 |    96 ||   151
 Fire: Blowgun           |     3 |    16 ||    19
 Stab: Sleeping          |     3 |    12 ||    15
       Distracted        |     1 |       ||     1
  Eat: Chunk             |     8 |     5 ||    13
